 Dungeon Crawl Stone Soup version 0.31-a0-1549-g5ff9445e89 (webtiles) character file.

Game seed: 15069686512329741079

29988 ojifijod the Carver (level 13, -2/78 HPs)
             Began as a Djinni Warper on Jan 2, 2024.
             Was a High Priest of Okawaru.
             Slain by a +0 spectral giant spiked club (40 damage)
             ... created by Erolcha
             ... on level 12 of the Dungeon.
             The game lasted 00:51:22 (22464 turns).

ojifijod the Carver (Djinni Warper)                Turns: 22464, Time: 00:51:23

Health: -2/78      AC: 12    Str: 10    XL:     13   Next: 85%
Gold:   321        EV: 20    Int: 14    God:    Okawaru [*****.] SH:  0 Dex: 19

rFire   + + .        P - +4 scimitar (vamp)
rCold   x . .        (no shield)
rNeg    . . .        b - +0 leather armour
rPois   ∞            (no helmet)
rElec   .            q - +0 cloak
rCorr   .            (no gloves)
SInv    .            (boots unavailable)
Will    +....        (no amulet)
Stlth   +            j - +4 ring of protection
HPRegen 0.33/turn    R - +4 ring of protection
MPRegen 0.00/turn

%: infuse magic (-3 HP)
@: flying
A: sickness immunity, fire resistance 2, cold vulnerability 1, float, innate
caster, HP casting, extra vitality 1
a: Renounce Religion, Heroism, Finesse, Duel


You were on level 12 of the Dungeon.
You worshipped Okawaru.
Okawaru was extremely pleased with you.
You visited 3 branches of the dungeon, and saw 16 of its levels.

You collected 1039 gold pieces.
You spent 718 gold pieces at shops.

Inventory:

Hand Weapons
 M - a +2 falchion of holy wrath
 P - a +4 vampiric scimitar (weapon)
Missiles
 d - 4 darts of dispersal (quivered)
 E - 5 silver javelins
 L - 2 throwing nets
 N - 7 curare-tipped darts
Armour
 b - a +0 leather armour (worn)
 q - a +0 cloak (worn)
Jewellery
 j - a +4 ring of protection (left hand)
 v - a ring of resist corrosion
 D - a +6 ring of strength
 K - a ring of willpower
 R - a +4 ring of protection (right hand)
 U - a ring of protection from cold
Wands
 h - a wand of flame (24)
 z - a wand of polymorph (5)
 G - a wand of paralysis (23)
 Q - a wand of iceblast (11)
Scrolls
 a - 2 scrolls of brand weapon
 c - 2 scrolls of blinking
 i - 4 scrolls of teleportation
 m - a scroll of fog
 n - 4 scrolls of enchant armour
 p - 2 scrolls of amnesia {unknown}
 t - 4 scrolls of fear
 x - 4 scrolls of poison {unknown}
 A - 3 scrolls of enchant weapon {unknown}
 B - 4 scrolls of noise
 I - 2 scrolls of immolation
 O - 3 scrolls of summoning
 S - 3 scrolls of revelation
 V - a scroll of silence
 Y - 2 scrolls of identify
Potions
 e - 2 potions of lignification
 f - 2 potions of mutation
 g - 7 potions of curing
 k - 5 potions of haste
 l - 4 potions of resistance
 o - 4 potions of cancellation {unknown}
 s - 2 potions of magic
 u - 3 potions of might
 C - 4 potions of heal wounds
 F - 3 potions of berserk rage {unknown}
 H - a potion of attraction {unknown}
 J - a potion of degeneration {unknown}
 T - a potion of enlightenment {unknown}


   Skills:
 - Level 2.0 Fighting
 - Level 14.0 Long Blades
 - Level 0.7 Throwing
 - Level 1.0 Armour
 + Level 13.3 Dodging
 + Level 7.6 Spellcasting
 + Level 7.6 Conjurations
 + Level 7.6 Hexes
   Level 0.0 Charms
 + Level 7.6 Summonings
 + Level 7.6 Necromancy
 + Level 7.6 Translocations
   Level 0.0 Transmutations
 + Level 7.6 Fire Magic
 + Level 7.6 Ice Magic
 + Level 7.6 Air Magic
 + Level 7.6 Earth Magic
 + Level 7.6 Alchemy
 - Level 8.0 Invocations


You knew the following spells:

 Your Spells              Type           Power      Damage    Failure   Level
a - Blink                 Tloc           52%        N/A       1%          2
b - Lesser Beckoning      Tloc           52%        N/A       1%          2
c - Teleport Other        Tloc           26%        N/A       2%          3
d - Manifold Assault      Tloc           26%        N/A       8%          4
e - Vhi's Electric Charg  Tloc/Air       52%        N/A       8%          4
f - Summon Small Mammal   Summ           100%       N/A       1%          1
g - Jinxbite              Hex            52%        N/A       1%          2
h - Ensorcelled Hibernat  Hex/Ice        52%        N/A       1%          2
i - Tukima's Dance        Hex            26%        N/A       2%          3
j - Cause Fear            Hex            13%        N/A       8%          4
k - Yara's Violent Unrav  Hex/Alch       13%        3d7       22%         5
Your spell library was empty.

Dungeon Overview and Level Annotations

Branches:
Dungeon (12/15)            Temple (1/1) D:5            Lair (3/5) D:9
 Spider (0/4) Lair:2          Orc (0/2) D:12
  Swamp: Lair:2-3    Shoals: Lair:2-3

Altars:
Ashenzari
Cheibriados
Dithmenos
Elyvilon
Fedhas
Gozag
Hepliaklqana
Makhleb
Nemelex Xobeh
Okawaru
Qazlal
Ru
Trog
Uskayaw
Wu Jian
Xom
Yredelemnul
Zin
The Shining One

Shops:
D:2 (=:[(   D:9 ?   D:10 *

Portals:
Trove: D:11 (lose all piety)

Annotations:
D:12 Erolcha
Lair:1 1 runed translucent door


Innate Abilities, Weirdness & Mutations

You are immune to sickness and miasma.
You are immune to poison.
Your flesh is very heat resistant. (rF++)
You are vulnerable to cold. (rC-)
You float through the air rather than walking.
You learn spells naturally, not from books.
Your magical power is your life essence.
You have superior vitality. (+4 MHP)


Message History

You slash the two-headed ogre!
The two-headed ogre is severely wounded.
The two-headed ogre closely misses you.
The two-headed ogre completely misses you.
You hit the two-headed ogre.
The two-headed ogre is severely wounded.
You slash the two-headed ogre!
You feel better.
You kill the two-headed ogre!
Okawaru accepts your kill.
No target in view!
Erolcha the Cunning comes into view.
She is wielding a +0 spectral giant spiked club.
Erolcha is nearby!
Erolcha is nearby!
Erolcha shouts!
You completely miss Erolcha. You hit Erolcha.
Erolcha is lightly wounded.
Erolcha misses you.
The +0 spectral giant spiked club barely misses you.
A +0 spectral giant spiked club comes into view.
You hit Erolcha.
Erolcha is lightly wounded.
You hit Erolcha.
Erolcha is moderately wounded.
Erolcha completely misses you.
The +0 spectral giant spiked club barely misses you.
You barely miss Erolcha.
Erolcha is moderately wounded.
You hit Erolcha but do no damage.
Erolcha is moderately wounded.
Erolcha hits you with a +0 spectral giant spiked club!!
The +0 spectral giant spiked club hits you!
You barely miss Erolcha.
Erolcha is moderately wounded.
You slash Erolcha!
You feel better.
Erolcha is moderately wounded.
Erolcha hits you with a +0 spectral giant spiked club!!
The +0 spectral giant spiked club hits you!!!
Ouch! That really hurt!
You die...

.?........................
#........................
.##...........>..........##
...............?.........)##
............)................
...................^.........
........).....?.............)
.............(...............
....)...##..@O...............
........##....##.............
#...........# .............
#....†.....................
###...####.######.......###
#...# #.######.......# #...#
#..............### #...#
#................. #...#
#.................


You could see Erolcha and a +0 spectral giant spiked club (wandering).

Vanquished Creatures
  Harold (D:10)
  The ghost of Fractals the Fighter, a novice HOMo of Beogh (D:9)
  The ghost of brekkin the Grappler, a novice TrSh of Xom (D:9)
  2 two-headed ogres
  2 boulder beetles
  The ghost of yetimobile the Reanimator, a novice DsGl of Jiyva (D:9)
  Lodul (D:11)
  2 skeletal warriors
  Pikel (D:7)
  2 ugly things (D:12)
  A manticore (D:10)
  Maurice (D:10)
  3 black mambas
  Joseph (D:7)
  Jeremiah (D:9)
  2 cane toads (Lair:1)
  2 unseen horrors
  3 kobold demonologists
  2 rime drakes
  3 komodo dragons
  2 polar bears
  4 blink frogs (Lair:1)
  A dream sheep (Lair:1)
  3 shadows
  A human (D:12)
  A basilisk (Lair:1)
  A steam dragon (D:8)
  39 yaks
  A wyvern (Lair:1)
  6 vampire mosquitoes
  2 wargs (D:12)
  Menkaure (D:7)
  2 acid dragons
  8 water moccasins
  A swamp drake (D:4)
  4 orc warriors
  8 black bears
  A sky beast (D:7)
  7 ogres
  7 centaurs
  4 lemures
  2 phantoms
  3 kobold brigands (D:11)
  2 gnoll sergeants
  5 scorpions
  11 bullfrogs
  13 wights
  14 killer bees
  4 howler monkeys
  2 bombardier beetles
  3 crimson imps (D:4)
  3 jellies
  5 hounds
  8 orc priests
  A gnoll bouda (D:4)
  Jessica (D:2)
  Natasha (twice) (D:3)
  2 iguanas
  20 orc wizards
  13 gnolls
  6 adders
  2 shadow imps
  2 dart slugs
  3 ribbon worms
  59 orcs
  2 bats
  6 endoplasms
  5 giant cockroaches
  11 goblins
  3 hobgoblins
  12 jackals
  3 quokkas
  5 ball pythons
  3 frilled lizards
  3 kobolds
  4 rats
380 creatures vanquished.

Vanquished Creatures (collateral kills)
  A gnoll (D:4)
1 creature vanquished.

Grand Total: 381 creatures vanquished

Notes
Turn   | Place    | Note
-------+----------+-------------------------------------------
     0 | D:1      | ojifijod the Djinni Warper began the quest for the Orb.
     0 | D:1      | ojifijod set off with the following spells memorised:
                  | Blink, Lesser Beckoning, Teleport Other, Manifold Assault,
                  | Vhi's Electric Charge.
     0 | D:1      | Reached XP level 1. HP: 18/18 MP: 0/0
   102 | D:1      | Reached skill level 2 in Long Blades
   200 | D:1      | Reached XP level 2. HP: 23/23 MP: 0/0
   820 | D:2      | Found Rihy's Armour Emporium.
   862 | D:2      | Noticed Jessica
   869 | D:2      | Killed Jessica
   870 | D:2      | Reached skill level 3 in Long Blades
   870 | D:2      | Reached XP level 3. HP: 21/28 MP: 0/0
   870 | D:2      | Learned a level 1 spell: Summon Small Mammal
  1111 | D:2      | Found Pionuth's Weapon Shoppe.
  1118 | D:2      | Reached XP level 4. HP: 22/33 MP: 0/0
  1308 | D:2      | Found Pokhecue's Antique Weapon Shoppe.
  1405 | D:2      | Found Rinuxkorr's Jewellery Emporium.
  1555 | D:2      | Found Duirgh's Book Shoppe.
  1647 | D:2      | Reached skill level 4 in Long Blades
  2316 | D:2      | Reached XP level 5. HP: 32/38 MP: 0/0
  2316 | D:2      | Learned a level 2 spell: Jinxbite
  2730 | D:3      | Noticed an ogre
  2954 | D:3      | Noticed Natasha
  2989 | D:3      | Killed Natasha
  2990 | D:3      | Reached skill level 5 in Long Blades
  3271 | D:4      | Reached XP level 6. HP: 30/43 MP: 0/0
  3529 | D:4      | Reached XP level 7. HP: 26/49 MP: 0/0
  3529 | D:4      | Learned a level 2 spell: Ensorcelled Hibernation
  3624 | D:4      | Found a sparkling altar of Nemelex Xobeh.
  4034 | D:3      | Reached skill level 6 in Long Blades
  4128 | D:4      | Found a broken altar of Ashenzari.
  4285 | D:4      | Found a shimmering altar of Xom.
  4787 | D:4      | Found an opulent altar of Gozag.
  4895 | D:5      | Entered Level 5 of the Dungeon
  4959 | D:5      | Found a staircase to the Ecumenical Temple.
  4981 | Temple   | Found a transporter.
  4981 | Temple   | Found a transporter.
  4981 | Temple   | Found a transporter.
  4981 | Temple   | Found a transporter.
  4981 | Temple   | Entered the Ecumenical Temple
  5002 | Temple   | Became a worshipper of Warmaster Okawaru
  5255 | D:5      | Reached skill level 7 in Long Blades
  5651 | D:4      | Reached XP level 8. HP: 53/54 MP: 0/0
  6486 | D:5      | Reached * piety under Okawaru
  6487 | D:5      | Reached skill level 8 in Long Blades
  6744 | D:6      | Noticed a shadow
  6819 | D:6      | Killed a shadow
  7055 | D:6      | Found a hazy altar of Hepliaklqana.
  7220 | D:6      | Reached skill level 9 in Long Blades
  7364 | D:6      | Reached XP level 9. HP: 56/58 MP: 0/0
  7364 | D:6      | Learned a level 3 spell: Tukima's Dance
  7487 | D:6      | Noticed a two-headed ogre
  7699 | D:6      | Reached ** piety under Okawaru
  8649 | D:7      | Reached skill level 10 in Long Blades
  8649 | D:7      | Reached skill level 1 in Invocations
  8671 | D:7      | Noticed Menkaure
  8695 | D:7      | Killed Menkaure
  9074 | D:7      | Reached *** piety under Okawaru
  9075 | D:7      | Reached skill level 5 in Dodging
  9221 | D:7      | Reached XP level 10. HP: 49/64 MP: 0/0
  9474 | D:7      | Noticed Pikel
  9679 | D:7      | Paralysed by Pikel for 4 turns
  9685 | D:7      | Killed Pikel
  9686 | D:7      | Reached skill level 11 in Long Blades
  9699 | D:7      | Noticed Joseph
 10213 | D:8      | Reached **** piety under Okawaru
 10900 | D:8      | Found a glowing silver altar of Zin.
 10972 | D:8      | Noticed a two-headed ogre
 10972 | D:8      | Noticed a boulder beetle
 11032 | D:9      | Found a runed translucent gate.
 11040 | D:9      | Found a runed translucent gate.
 11040 | D:9      | Found a runed translucent gate.
 11040 | D:9      | Noticed brekkin's ghost (novice TrSh)
 11040 | D:9      | Noticed yetimobile's ghost (novice DsGl)
 11040 | D:9      | Noticed Fractals's ghost (novice HOMo)
 11162 | D:9      | Found a snail-covered altar of Cheibriados.
 11164 | D:9      | Found a stormy altar of Qazlal.
 11213 | D:9      | Found Agefowyn's Magic Scroll Shoppe.
 11770 | D:3      | Noticed Natasha
 11774 | D:3      | Killed Natasha
 11793 | D:2      | Bought a +4 vampiric scimitar for 442 gold pieces
 11953 | D:4      | an ice beast changed into a rime drake
 11953 | D:4      | Noticed a rime drake
 11954 | D:4      | a rime drake changed into a swamp drake
 12274 | D:6      | Found a burning altar of Makhleb.
 12283 | D:6      | Found a white marble altar of Elyvilon.
 12466 | D:7      | Killed Joseph
 12613 | D:8      | Reached skill level 5 in Invocations
 12781 | D:8      | Reached XP level 11. HP: 49/68 MP: 0/0
 12781 | D:8      | Learned a level 4 spell: Cause Fear
 12898 | D:8      | Killed a boulder beetle
 12899 | D:8      | Reached skill level 12 in Long Blades
 12945 | D:8      | Killed a two-headed ogre
 12945 | D:8      | Reached ***** piety under Okawaru
 13182 | D:9      | Noticed a boulder beetle
 13394 | D:9      | Killed a boulder beetle
 13438 | D:9      | Received a gift from Okawaru
 13449 | D:9      | Found a staircase to the Lair.
 13892 | D:9      | Reached skill level 13 in Long Blades
 14587 | D:9      | Killed brekkin's ghost
 14693 | D:9      | Killed yetimobile's ghost
 14827 | D:9      | Identified the +5 great mace "Oboh" {antimagic, rPois Int-4
                  | Dex+7 Stlth+}
 14879 | D:9      | Killed Fractals's ghost
 14879 | D:9      | Received a gift from Okawaru
 14880 | D:9      | Reached XP level 12. HP: 63/74 MP: 0/0
 14945 | D:10     | Entered Level 10 of the Dungeon
 15276 | D:10     | Noticed Harold
 15291 | D:10     | Killed Harold
 16018 | D:10     | Noticed Maurice
 16066 | D:10     | Killed Maurice
 16306 | D:10     | Found Kus Odgh's General Store.
 16477 | D:9      | Bought a scroll of revelation for 90 gold pieces
 16624 | D:11     | Noticed Lodul
 16705 | Lair:1   | Entered Level 1 of the Lair of Beasts
 16821 | Lair:1   | Reached skill level 14 in Long Blades
 16978 | Lair:1   | Received a gift from Okawaru
 17052 | Lair:1   | Reached skill level 10 in Dodging
 17393 | Lair:1   | Reached skill level 5 in Spellcasting
 17393 | Lair:1   | Reached skill level 5 in Conjurations
 17393 | Lair:1   | Reached skill level 5 in Hexes
 17393 | Lair:1   | Reached skill level 5 in Summonings
 17393 | Lair:1   | Reached skill level 5 in Necromancy
 17393 | Lair:1   | Reached skill level 5 in Translocations
 17393 | Lair:1   | Reached skill level 5 in Fire Magic
 17393 | Lair:1   | Reached skill level 5 in Ice Magic
 17393 | Lair:1   | Reached skill level 5 in Air Magic
 17393 | Lair:1   | Reached skill level 5 in Earth Magic
 17393 | Lair:1   | Reached skill level 5 in Alchemy
 17645 | Lair:1   | Noticed Jeremiah
 17694 | D:9      | Killed Jeremiah
 17735 | Lair:1   | Reached XP level 13. HP: 78/78 MP: 0/0
 17735 | Lair:1   | Learned a level 5 spell: Yara's Violent Unravelling
 17888 | Lair:1   | Noticed a catoblepas
 17888 | Lair:1   | Noticed a dire elephant
 17910 | Lair:1   | Found a runed translucent door.
 18381 | Lair:2   | Found a hole to the Spider Nest.
 18497 | Lair:2   | Received a gift from Okawaru
 18710 | Lair:2   | Found a hide-covered altar of Uskayaw.
 19334 | Lair:3   | Noticed an eight-headed hydra
 19414 | Lair:3   | Noticed an eight-headed hydra
 19593 | D:9      | Bought a scroll of identify for 24 gold pieces
 19593 | D:9      | Bought a scroll of identify for 24 gold pieces
 19593 | D:9      | Bought a scroll of brand weapon for 114 gold pieces
 19593 | D:9      | Bought a scroll of identify for 24 gold pieces
 20065 | D:11     | Killed Lodul
 20588 | D:11     | Found a portal to a secret trove of treasure.
 20853 | D:10     | Received a gift from Okawaru
 22381 | D:12     | Found a staircase to the Orcish Mines.
 22453 | D:12     | Noticed Erolcha
 22464 | D:12     | Slain by a +0 spectral giant spiked club

Illustrated notes

Levels and vault maps discovered:
D:1:      minmay_arrival_glassed_features, layout_loops_ring
D:2:      layout_loops_ring, serial_shops, shop, nicolae_shop_real_fake_doors,
          nicolae_shop_behind_doors, nicolae_shop_peninsula, shop, basic_altar,
          serial_co_window_serial, co_window_corner_a, co_window_corner_a,
          co_window_paths_a, co_window_paths_b, co_window_of_opportunity_a,
          co_window_2corner, co_window_broadway_c, co_window_corner_cb,
          co_window_cross_3, co_window_sun, glass_columns_b, glass_columns_c,
          glass_columns_a, glass_columns_c, glass_columns_a, uniq_jessica
D:3:      layout_loops_cross, minmay_ogre_servants, uniq_natasha
D:4:      layout_gridville, led_xom_imps,
          nicolae_gozag_cash_rules_everything_around_me,
          nemelex_dance_club_becter, nicolae_ashenzari_skybound
D:5:      layout_basic, minmay_temple_entry_butterflies
D:6:      layout_basic, mainiacjoe_overflow_brackets, mainiacjoe_overflow_swirl
D:7:      layout_basic, uniq_menkaure, uniq_pikel, uniq_joseph
D:8:      minmay_inner_zag, layout_cave_pools, mainiacjoe_overflow_alcove_4,
          mainiacjoe_overflow_small_starburst, minmay_three_doors
D:9:      layout_layer_cave, cheibriados_altar_1,
          nicolae_qazlal_scattered_showers, due_lair_maze_entry_diamond,
          serial_shops, nicolae_shop_gibbet_a_chance, gammafunk_ghost_cemetery
D:10:     layout_layer_cave, serial_shops, shop, uniq_harold, uniq_maurice
D:11:     layout_small_grid, nicolae_trove_entry_columns,
          hangedman_decor_diamond_cutter, uniq_lodul
D:12:     layout_long_grid, erik_orc_4, uniq_erolcha
Temple:   hellmonk_temple_divided_pantheon
Lair:1:   gammafunk_lair_enchanted_lake, layout_regular_city,
          infiniplex_staircase_pool, grunt_megastairs_1, uniq_jeremiah
Lair:2:   layout_cave_pods, dummy_spider_entry, basic_altar, lemuel_fruit_fields
Lair:3:   layout_hall_layers, minmay_shoals_entry_hut, special_room
          [special_room_mythical_zoo], chequers_serial_rivers_micro_a,
          nicolae_quartered_pool_super, st_stairs_5

Skill      XL: |  1  2  3  4  5  6  7  8  9 10 11 12 13 |
---------------+----------------------------------------+-----
Long Blades    | 2 3 4 5 7 9 10 11 13 14 | 14.0
Spellcasting   | 3 4 5 7 |  7.6
Conjurations   | 3 4 5 7 |  7.6
Hexes          | 3 4 5 7 |  7.6
Summonings     | 3 4 5 7 |  7.6
Necromancy     | 3 4 5 7 |  7.6
Translocations | 3 4 5 7 |  7.6
Fire Magic     | 3 4 5 7 |  7.6
Ice Magic      | 3 4 5 7 |  7.6
Air Magic      | 3 4 5 7 |  7.6
Earth Magic    | 3 4 5 7 |  7.6
Alchemy        | 3 4 5 7 |  7.6
Dodging        | 5 7 8 11 13 | 13.3
Invocations    | 2 5 7 8 |  8.0
Fighting       | |  2.0
Throwing       | |  0.7
Armour         | |  1.0

Action                     |  1- 3 |  4- 6 |  7- 9 | 10-12 | 13-15 || total
---------------------------+-------+-------+-------+-------+-------++-------
  Melee: Falchion          |    87 |   173 |   378 |   104 |     6 ||   748
         Punch             |       |     1 |     8 |     9 |    10 ||    28
         Long sword        |       |       |   237 |    16 |       ||   253
         Scimitar          |       |       |       |   682 |   489 ||  1171
  Throw: Javelin           |       |       |     2 |       |     1 ||     3
         Dart              |       |       |     2 |     1 |       ||     3
   Cast: Summon Small Mamm |       |     2 |     5 |       |       ||     7
         Jinxbite          |       |     2 |    13 |    14 |     3 ||    32
         Blink             |       |     1 |     4 |     5 |     2 ||    12
         Lesser Beckoning  |       |       |       |     2 |       ||     2
 Invoke: Heroism           |       |       |     1 |     6 |     3 ||    10
  Evoke: Wand              |       |       |       |    13 |       ||    13
    Use: Potion            |       |     1 |       |     2 |       ||     3
         Scroll            |       |       |     1 |    10 |     5 ||    16
   Stab: Distracted        |       |     1 |     1 |     1 |       ||     3
         Sleeping          |       |       |     1 |     2 |       ||     3
         Paralysed         |       |       |       |    16 |       ||    16
 Armour: Leather armour    |    57 |   105 |   357 |   360 |   244 ||  1123
  Dodge: Dodged            |    49 |   115 |   365 |   472 |   398 ||  1399

Table legend: (Time is in decaauts)
 A = Elapsed time spent in this place.
 B = Non-inter-level travel time spent in this place.
 C = Inter-level travel time spent in this place.
 D = Time resting spent in this place.
 E = Time spent auto-exploring this place.
 F = Levels seen in this place.
 G = Mean time per level.
                   A        B        C        D        E       F      G
               +--------+--------+--------+--------+--------+-----+--------+
         Total |  22115 |  20615 |   1500 |   5157 |  10497 |  16 | 1382.2 |
       Dungeon |  19360 |  18069 |   1291 |   4965 |   8711 |  12 | 1613.3 |
        Temple |     36 |     26 |     10 |      0 |      6 |   1 |   36.0 |
          Lair |   2718 |   2520 |    198 |    191 |   1780 |   3 |  906.0 |
               +--------+--------+--------+--------+--------+-----+--------+

Top non-repeatable levels by time:
    D:10: 2952 daAuts
     D:9: 2273 daAuts
     D:8: 1970 daAuts
     D:7: 1880 daAuts
     D:4: 1763 daAuts
     D:2: 1627 daAuts
     D:5: 1574 daAuts
     D:3: 1561 daAuts
     D:6: 1453 daAuts
  Lair:1: 1429 daAuts
  Lair:2: 1110 daAuts
    D:11: 947 daAuts
     D:1: 827 daAuts
    D:12: 529 daAuts
  Lair:3: 178 daAuts
